 Dungeon Crawl Stone Soup version 0.31-a0-614-gc85dc1c48c (webtiles) character file.

Game seed: 10107897195224132643

154 CrazyBamboolord the Changeling (level 5, 0/33 HPs)
             Began as an Octopode Shapeshifter on Aug 22, 2023.
             Killed by divine providence
             ... invoked by an orc priest
              (16 damage)
             ... on level 4 of the Dungeon.
             The game lasted 00:02:31 (1989 turns).

CrazyBamboolord the Changeling (OpSh)               Turns: 1989, Time: 00:02:31

Health: 0/33       AC:  1    Str: 16    XL:     5   Next: 36%
Magic:  5/5        EV: 13    Int: 10    God:
Gold:   40         SH:  0    Dex: 13    Spells: 4/4 levels left

rFire   . .          .
                       - Unarmed
rCold   . . .        (no shield)
rNeg    . . .        (helmet currently unavailable)
rPois   .            (no amulet)
rElec   .            (no ring)
rCorr   .            (no ring)
SInv    .            (no ring)
Will    .....        (no ring)
Stlth   ++           (no ring)
HPRegen 0.25/turn    (no ring)
MPRegen 0.09/turn    (no ring)
                     (no ring)

%: no passive effects
@: beast-form
A: beast (slay +3), almost no armour, amphibious, 8 rings, camouflage 1,
gelatinous body 1, (nimble swimmer 1), tentacles
a: Begin Untransformation


You were on level 4 of the Dungeon.
You were a hulking beast.
You visited 1 branch of the dungeon, and saw 4 of its levels.

You collected 248 gold pieces.
You spent 208 gold pieces at shops.

Inventory:

Jewellery
 g - a ring of magical power
 h - a ring of fire
Talismans
 b - a beast talisman (active)
 c - a flux talisman
Wands
 n - a wand of charming (11)
Scrolls
 d - a scroll of fear {unknown}
 j - a scroll of fog {unknown}
 k - a scroll of poison {unknown}
 l - a scroll of brand weapon {unknown}
 o - a scroll of immolation
 r - a scroll of identify {unknown}
 s - a scroll of vulnerability {unknown}
Potions
 a - 3 potions of lignification
 e - 2 potions of magic {unknown}
 f - a potion of ambrosia {unknown}
 i - a potion of might {unknown}
 m - a potion of resistance {unknown}
 q - a potion of haste


   Skills:
 - Level 1.0 Fighting
 - Level 2.0 Dodging
 - Level 3.0 Unarmed Combat
 + Level 5.2 Shapeshifting


You had 4 spell levels left.
You didn't know any spells.
Your spell library was empty.

Dungeon Overview and Level Annotations

Branches:
Dungeon (4/15)
 Temple: D:4-7

Altars:

Shops:
D:3 :*!


Innate Abilities, Weirdness & Mutations

You are a hulking beast.
Your limbs bulge with bestial killing power. (Slay +3)
You cannot wear most types of armour.
You are amphibious.
You can wear up to eight rings at the same time.
Your skin changes colour to match your surroundings (Stealth+).
Your rubbery body absorbs attacks. (AC +1, EV +1)
((You are camouflaged when in or above water. (Stealth+)))
You have tentacles for arms and can constrict up to eight enemies at once.


Message History

You tentacle-slap the orc but do no damage.
You squeeze the orc.
The orc is severely wounded.
You constrict the orc. The orc misses you.
You tentacle-slap the orc but do no damage.
You squeeze the orc.
You kill the orc!
Things that are here:
a +0 trident; a +0 chain mail You now have 40 gold pieces (gained 18).
An orc comes into view. It is wielding a +0 club.
The orc shouts!
An orc priest comes into view. It is wielding a +1 antimagic dagger.
There are monsters nearby!
An orc comes into view. It is wielding a +0 flail.
The orc priest shouts!
You hear a shout!
An orc wizard comes into view. It is wielding a +0 dagger.
Things that are here:
a +0 club; a +0 leather armour; an orc corpse
Things that are here:
a +0 short sword; a kobold corpse The orc priest mumbles some strange prayers to Beogh against you.
Beogh smites you!
The orc priest mumbles some strange prayers to Beogh against you.
Beogh smites you!
* * * LOW HITPOINT WARNING * * *
The orc priest calls down the wrath of Beogh upon you.
Beogh smites you!
* * * LOW HITPOINT WARNING * * *
You feel better.
You feel better.
The orc priest casts a cantrip, but nothing happens.
The orc attacks as it pursues you! The orc misses you.
The orc attacks as it pursues you! The orc hits you with a +0 club.
The orc completely misses you.
There is a stone staircase leading up here.
The orc closely misses you.
The orc priest calls down the wrath of Beogh upon you.
Beogh smites you!
You die...

#.#.##o###
###.#.....o.
..#.#.###### #.#.#
... ######.#.# #.#
#...##.#.# #.#
#####...##.#.## #.#
#........#....# #.#
#...ho....oo..#####..
#........##.....o..).
#........##...#######
###########...# #####
### #.. ###


You could see an orc priest, an orc wizard and an orc.

Vanquished Creatures
  A hound (D:4)
  Jessica (D:2)
  2 adders
  A dart slug (D:1)
  6 orcs
  6 ball pythons
  5 endoplasms
  3 giant cockroaches
  5 goblins
  5 hobgoblins
  4 jackals
  6 quokkas
  7 bats
  4 frilled lizards
  6 kobolds
  9 rats
71 creatures vanquished.

Notes
Turn   | Place    | Note
-------+----------+-------------------------------------------
     0 | D:1      | CrazyBamboolord the Octopode Shapeshifter began the quest
                  | for the Orb.
     0 | D:1      | Reached XP level 1. HP: 13/13 MP: 1/1
    35 | D:1      | Reached XP level 2. HP: 14/18 MP: 2/2
   254 | D:1      | Reached XP level 3. HP: 23/23 MP: 3/3
   335 | D:1      | Reached skill level 4 in Shapeshifting
   837 | D:2      | Reached XP level 4. HP: 28/28 MP: 4/4
   874 | D:2      | Noticed Jessica
   879 | D:2      | Killed Jessica
  1502 | D:3      | Found Dacumm's Book Shop.
  1652 | D:3      | Found Yxuhokua's Distillery.
  1685 | D:3      | Bought a potion of curing for 30 gold pieces
  1685 | D:3      | Bought a potion of curing for 30 gold pieces
  1685 | D:3      | Bought a potion of haste for 100 gold pieces
  1767 | D:3      | Found Fuam's Assorted Antiques.
  1770 | D:3      | Bought a scroll labelled QAIT KA SIEN for 24 gold pieces
  1770 | D:3      | Bought a scroll labelled CEUSTRAITEI for 24 gold pieces
  1783 | D:4      | Noticed a phantom
  1783 | D:4      | Noticed a scorpion
  1810 | D:4      | Reached skill level 5 in Shapeshifting
  1810 | D:4      | Reached XP level 5. HP: 31/33 MP: 5/5
  1989 | D:4      | Killed from afar by an orc priest

Illustrated notes

Levels and vault maps discovered:
D:1:      tarquinn_simple_flora_water_a, layout_loops_cross, minmay_pentomino_w4
D:2:      layout_loops_ring, minmay_misc_feat_plants, dreamdust_wishing_well,
          uniq_jessica
D:3:      layout_rooms, serial_shops, nicolae_shop_statue_plus,
          nicolae_shop_tiny_real_fake_doors, nicolae_shop_stone,
          grunt_ministairs_15
D:4:      layout_basic, nicolae_overflow_crystal_walls, uniq_menkaure,
          uniq_pikel

Skill      XL: |  1  2  3  4 |
---------------+-------------+-----
Shapeshifting  | 4 5 |  5.2
Fighting       | |  1.0
Dodging        | |  2.0
Unarmed Combat | |  3.0

Action                     |  1- 3 |  4- 6 || total
---------------------------+-------+-------++-------
  Melee: Unarmed           |    66 |    51 ||   117
         Constrict         |    21 |    14 ||    35
         Tentacles         |    15 |    10 ||    25
         Punch             |       |     1 ||     1
    Use: Scroll            |       |     1 ||     1
         Potion            |       |     2 ||     2
   Stab: Sleeping          |     2 |     4 ||     6
 Armour: Skin              |     3 |     3 ||     6
  Dodge: Dodged            |    41 |    41 ||    82

Table legend: (Time is in decaauts)
 A = Elapsed time spent in this place.
 B = Non-inter-level travel time spent in this place.
 C = Inter-level travel time spent in this place.
 D = Time resting spent in this place.
 E = Time spent auto-exploring this place.
 F = Levels seen in this place.
 G = Mean time per level.
                   A        B        C        D        E       F      G
               +--------+--------+--------+--------+--------+-----+--------+
         Total |   1981 |   1911 |     70 |      7 |   1525 |   4 |  495.2 |
       Dungeon |   1981 |   1911 |     70 |      7 |   1525 |   4 |  495.2 |
               +--------+--------+--------+--------+--------+-----+--------+

Top non-repeatable levels by time:
     D:2: 776 daAuts
     D:1: 679 daAuts
     D:3: 338 daAuts
     D:4: 186 daAuts
